 Dungeon Crawl Stone Soup version 0.27.1-33-g824d729ab1 (webtiles) character file.

Game seed: 4945265002885080516

84 Holzbalken the Chopper (level 4, -1/37 HPs)
             Began as a Palentonga Fighter on Dec 9, 2021.
             Slain by a gnoll (12 damage)
             ... on level 3 of the Dungeon.
             The game lasted 00:06:09 (2096 turns).

Holzbalken the Chopper (Palentonga Fighter)         Turns: 2096, Time: 00:06:11

Health: -1/37      AC:  7    Str: 26    XL:     4   Next: 23%
Magic:  4/4        EV:  6    Int:  8    God:
Gold:   20         SH: 10    Dex: 16    Spells: 3/3 levels left

rFire    . . .     SeeInvis +   a - +1 war axe
rCold    . . .     Faith    .   c - +0 kite shield
rNeg     . . .     Spirit   .   b - +0 scale mail
rPois    .         Reflect  .   m - +0 helmet
rElec    .         Harm     .   (no cloak)
rCorr    .         Rampage  .   (no gloves)
Will     .....                  (no barding)
Stlth    ..........             (no amulet)
HPRegen  0.12/turn              i - +6 ring of strength
MPRegen  0.09/turn              j - +6 ring of dexterity

@: no status effects
A: large, rugged brown scales 3, see invisible, deformed body, roll 1, armoured
tail
a: Rolling Charge


You were on level 3 of the Dungeon.
You visited 1 branch of the dungeon, and saw 3 of its levels.

You collected 20 gold pieces.

Inventory:

Hand Weapons
 a - a +1 war axe (weapon)
Armour
 b - a +0 scale mail (worn)
 c - a +0 kite shield (worn)
 m - a +0 helmet (worn)
Jewellery
 i - a +6 ring of strength (left hand)
 j - a +6 ring of dexterity (right hand)
 k - a ring of willpower
Potions
 d - a potion of might
 e - a potion of lignification {unknown}
 f - a potion of flight {unknown}
 h - a potion of curing {unknown}


   Skills:
 - Level 3.0 Fighting
 * Level 3.9 Axes
 - Level 2.4 Armour
 + Level 3.1 Shields


You had 3 spell levels left.
You didn't know any spells.
Your spell library was empty.

Dungeon Overview and Level Annotations

Branches:
Dungeon (3/15)

Altars:


Innate Abilities, Weirdness & Mutations

You are completely covered in rugged brown scales. (AC +3, +7% HP)
You have supernaturally acute eyesight. (SInv)
Armour fits poorly on your strangely shaped body.
You can roll at nearby foes to attack.
You have a long armoured tail.


Message History

The adder bites you but does no damage. The adder bites you.
You are poisoned.
The adder poisons you!
You closely miss the adder. You tail-slap the adder.
The adder is heavily wounded.
You feel sick. You block the adder's attack. The adder bites you.
You are more poisoned.
The adder poisons you!
You hit the adder but do no damage.
The adder is moderately wounded.
You feel very sick. The adder bites you but does no damage.
The adder barely misses you.
You barely miss the adder.
The adder is moderately wounded.
You feel very sick. The adder bites you but does no damage.
A gnoll comes into view. It is wielding a +0 whip.
You block the adder's attack.
You barely miss the adder.
Your tail-slap misses the adder.
The adder is moderately wounded.
You feel sick. The adder bites you.
A gnoll comes into view. It is wielding a +0 halberd.
You block the adder's attack.
You miss the adder. You tail-slap the adder.
The adder is heavily wounded.
You feel sick. You block the adder's attack.
A gnoll comes into view. It is wielding a +0 spear.
You block the adder's attack.
You closely miss the adder.
Your tail-slap misses the adder.
The adder is heavily wounded.
You feel sick. The adder barely misses you. x2
The gnoll hits you from afar with a +0 halberd!
* * * LOW HITPOINT WARNING * * *
You closely miss the adder.
The adder is heavily wounded.
You feel sick.
You are no longer poisoned.
You block the adder's attack.
The gnoll hits you from afar with a +0 halberd!
You die...

###########.#
#.# #.# #.# #.#
#### #.# ....
###.#
#..###...#######
#..S@..........#
#.###gg.######.#
#.....#...#
#.###...#.#
##g##.# #.# .#
#.# .# #.# .# #.
..


You could see 3 gnolls and an adder.

Vanquished Creatures
  Terence (D:3)
  An adder (D:2)
  2 dart slugs (D:3)
  2 endoplasms (D:1)
  3 giant cockroaches (D:1)
  4 goblins
  4 hobgoblins
  4 jackals (D:3)
  4 quokkas
  5 ball pythons
  3 bats
  8 frilled lizards
  2 kobolds (D:1)
  3 rats (D:1)
46 creatures vanquished.

Vanquished Creatures (others)
  3 withered plants (D:1)
3 creatures vanquished.

Grand Total: 49 creatures vanquished

Notes
Turn   | Place    | Note
-------+----------+-------------------------------------------
     0 | D:1      | Holzbalken the Palentonga Fighter began the quest for the
                  | Orb.
     0 | D:1      | Reached XP level 1. HP: 19/19 MP: 1/1
   454 | D:1      | Found a faded altar of an unknown god.
   529 | D:1      | Reached XP level 2. HP: 25/25 MP: 2/2
  1102 | D:2      | Reached XP level 3. HP: 28/31 MP: 3/3
  1845 | D:3      | Noticed Terence
  1853 | D:3      | Killed Terence
  1854 | D:3      | Reached XP level 4. HP: 13/37 MP: 4/4
  2096 | D:3      | Slain by a gnoll

Illustrated notes

Levels and vault maps discovered:
D:1:      dpeg_arrival_stone_temple_mockup, layout_basic,
          ebering_ecumenical_altar_petrified
D:2:      layout_rooms, minmay_tromino_v4_b
D:3:      layout_loops_ring, grunt_temple_overflow_champion_of_chaos,
          uniq_terence

Skill      XL: |  1  2  3 |
---------------+----------+-----
Axes           | 3 |  3.9
Shields        | 3 |  3.1
Fighting       | |  3.0
Armour         | |  2.4

Action                   |  1- 3 |  4- 6 || total
-------------------------+-------+-------++-------
Melee: War axe           |   125 |    10 ||   135
       Tailslap          |     8 |     3 ||    11
 Abil: Rolling Charge    |     9 |     1 ||    10
  Use: Scroll            |       |     3 ||     3
Armor: Scale mail        |    76 |     3 ||    79
Dodge: Dodged            |    34 |     3 ||    37
Block: Kite shield       |    58 |     8 ||    66
